3192 views
Uploaded 2020-06-02 14:01:20
Game version 1.32.4 / 1.32.5
19:06 long 2on2 ladder game on (4)TidewaterGlades_LV
Saved by Redwood
3192 views
Uploaded 2020-06-02 14:01:20
Game version 1.32.4 / 1.32.5
19:06 long 2on2 ladder game on (4)TidewaterGlades_LV


85 units @ 11.8k
/ 1.1k
36 buildings @ 5.5k
/ 2.2k



| Healing Salve | 3 | 300 |
| Lesser Clarity Potion | 4 | 280 |
| Orb of Lightning | 1 | 375 |
| Scroll of Speed | 3 | 150 |
| Potion of Healing | 1 | 150 |
| Potion of Lesser Invulnerability | 1 | 150 |
| total: | 13 | 1405g |
| Peon | 11 | 825 | / | 0 |
| Grunt | 5 | 1000 | / | 0 |
| Wind Rider | 10 | 2650 | / | 400 |
| Shaman | 8 | 1040 | / | 160 |
| Troll Headhunter | 4 | 560 | / | 80 |
| Troll Berserker | 2 | 280 | / | 40 |
| total: | 40 | 6355g | / | 680w |
| Altar of Storms | 1 | 180 | / | 50 |
| Orc Burrow | 6 | 960 | / | 240 |
| Barracks | 1 | 180 | / | 50 |
| Voodoo Lounge | 1 | 130 | / | 30 |
| War Mill | 1 | 205 | / | 0 |
| Great Hall | 1 | 385 | / | 185 |
| Beastiary | 1 | 145 | / | 140 |
| Spirit Lodge | 1 | 150 | / | 150 |
| Stronghold | 1 | 315 | / | 190 |
| Fortress | 1 | 325 | / | 190 |
| total: | 13 | 2335g | / | 845w |
| 0:03 | Peon |
| 0:04 | Peon |
| 0:07 | Altar of Storms |
| 0:10 | Orc Burrow |
| 0:34 | Peon |
| 0:45 | Barracks |
| 1:01 | Peon |
| 1:01 | Peon |
| 1:31 | Peon |
| 1:31 | Peon |
| 1:51 | Grunt |
| 2:12 | Feral Spirit |
| 2:27 | Stronghold |
| 2:29 | Orc Burrow |
| 3:08 | Voodoo Lounge |
| 3:11 | Orc Burrow |
| 3:31 | Chain Lighting |
| 3:36 | Grunt |
| 3:36 | Grunt |
| 4:58 | Frost Arrows |
| 5:15 | Beastiary |
| 5:18 | Fortress |
| 6:13 | Spirit Lodge |
| 6:19 | War Mill |
| 6:20 | Grunt |
| 6:21 | Grunt |
| 6:33 | Wind Rider |
| 6:58 | Orc Burrow |
| 7:21 | Feral Spirit |
| 7:35 | Forked Lightning |
| 7:58 | Shaman Adept Training |
| 8:00 | Shaman |
| 8:13 | Orc Burrow |
| 8:25 | Orc Burrow |
| 8:47 | Healing Salve |
| 8:47 | Healing Salve |
| 8:58 | Lesser Clarity Potion |
| 9:02 | Orb of Lightning |
| 9:10 | Shaman Master Training |
| 9:11 | Wind Rider |
| 9:22 | Scroll of Speed |
| 9:26 | Endurance Aura |
| 9:33 | Steel Armor |
| 10:56 | Great Hall |
| 10:59 | War Stomp |
| 11:24 | Forked Lightning |
| 11:49 | Chain Lighting |
| 12:02 | Shaman |
| 12:02 | Shaman |
| 12:03 | Wind Rider |
| 12:03 | Wind Rider |
| 12:03 | Wind Rider |
| 12:34 | Troll Headhunter |
| 12:34 | Troll Headhunter |
| 12:34 | Troll Headhunter |
| 13:16 | Shaman |
| 13:16 | Shaman |
| 13:17 | Steel Ranged Weapons |
| 13:38 | Peon |
| 13:38 | Peon |
| 13:38 | Peon |
| 13:38 | Peon |
| 13:51 | Berserker Upgrade |
| 13:51 | Troll Headhunter |
| 13:53 | Envenomed Spears |
| 14:10 | Lesser Clarity Potion |
| 14:14 | Lesser Clarity Potion |
| 14:15 | Scroll of Speed |
| 14:23 | Thorium Ranged Weapons |
| 14:45 | Wind Rider |
| 14:46 | Wind Rider |
| 15:35 | Shaman |
| 15:35 | Shaman |
| 15:35 | Shaman |
| 16:00 | Frost Arrows |
| 16:27 | Wind Rider |
| 16:27 | Wind Rider |
| 16:58 | Healing Salve |
| 16:58 | Lesser Clarity Potion |
| 16:59 | Scroll of Speed |
| 17:00 | Potion of Healing |
| 17:08 | Potion of Lesser Invulnerability |
| 18:13 | Troll Berserker |
| 18:13 | Troll Berserker |
| 18:14 | Arcanite Ranged Weapons |
| 18:15 | Wind Rider |
| Right click | 1058 |
| Select group | 386 |
| Select | 380 |
| Assign group | 150 |
| Build/train/purchase | 142 |
| Minimap ping | 41 |
| Use ability | 30 |
| Resource trade | 11 |
| Misc. action | 4 |
| Item give/drop | 2 |


| Scroll of Regeneration | 3 | 300 |
| total: | 3 | 300g |
| Peasant | 24 | 1800 | / | 0 |
| Footman | 8 | 1080 | / | 0 |
| Rifleman | 8 | 1640 | / | 240 |
| Sorceress | 3 | 465 | / | 60 |
| Priest | 1 | 135 | / | 10 |
| Goblin Shredder | 1 | 375 | / | 100 |
| total: | 45 | 5495g | / | 410w |
| Scout Tower | 2 | 60 | / | 40 |
| Arcane Tower | 2 | 140 | / | 100 |
| Altar of Kings | 1 | 180 | / | 50 |
| Barracks | 2 | 320 | / | 120 |
| Farm | 10 | 800 | / | 200 |
| Town Hall | 3 | 1155 | / | 615 |
| Arcane Vault | 1 | 130 | / | 30 |
| Blacksmith | 1 | 140 | / | 60 |
| Lumber Mill | 1 | 120 | / | 0 |
| Arcane Sanctum | 2 | 300 | / | 280 |
| Keep | 1 | 320 | / | 210 |
| Castle | 1 | 360 | / | 210 |
| total: | 23 | 3205g | / | 1395w |
| 0:02 | Peasant |
| 0:08 | Altar of Kings |
| 0:09 | Peasant |
| 0:09 | Peasant |
| 0:18 | Barracks |
| 0:25 | Peasant |
| 0:33 | Farm |
| 0:53 | Farm |
| 0:56 | Peasant |
| 1:05 | Peasant |
| 1:19 | Footman |
| 1:29 | Scout Tower |
| 1:33 | Peasant |
| 1:41 | Footman |
| 1:48 | Peasant |
| 2:02 | Footman |
| 2:09 | Arcane Tower |
| 2:11 | Summon Water Elemental |
| 2:21 | Farm |
| 3:03 | Town Hall |
| 3:07 | Scout Tower |
| 3:19 | Peasant |
| 3:19 | Peasant |
| 3:30 | Brilliance Aura |
| 3:48 | Arcane Tower |
| 3:58 | Footman |
| 4:00 | Peasant |
| 4:00 | Peasant |
| 4:03 | Arcane Vault |
| 4:29 | Peasant |
| 5:02 | Footman |
| 5:09 | Footman |
| 5:20 | Footman |
| 5:36 | Footman |
| 5:38 | Barracks |
| 5:40 | Blacksmith |
| 5:49 | Peasant |
| 5:49 | Peasant |
| 5:58 | Defend |
| 6:09 | Keep |
| 6:12 | Scroll of Regeneration |
| 6:55 | Rifleman |
| 6:58 | Farm |
| 7:00 | Farm |
| 7:01 | Farm |
| 7:05 | Lumber Mill |
| 7:22 | Rifleman |
| 7:40 | Goblin Shredder |
| 7:46 | Black Gunpowder |
| 8:07 | Summon Water Elemental |
| 8:12 | Rifleman |
| 8:14 | Farm |
| 8:32 | Scroll of Regeneration |
| 8:50 | Arcane Sanctum |
| 8:51 | Arcane Sanctum |
| 8:56 | Long Rifles |
| 8:57 | Rifleman |
| 9:44 | Holy Light |
| 10:18 | Priest Adept Training |
| 10:19 | Castle |
| 10:20 | Refined Gunpowder |
| 10:41 | Brilliance Aura |
| 11:19 | Peasant |
| 11:19 | Peasant |
| 11:19 | Peasant |
| 11:19 | Peasant |
| 11:19 | Peasant |
| 11:46 | Rifleman |
| 12:15 | Peasant |
| 12:16 | Peasant |
| 13:17 | Rifleman |
| 13:35 | Town Hall |
| 13:37 | Devotion Aura |
| 13:54 | Farm |
| 13:55 | Farm |
| 13:55 | Farm |
| 14:05 | Scroll of Regeneration |
| 14:37 | Sorceress |
| 15:47 | Rifleman |
| 16:00 | Priest |
| 16:19 | Summon Water Elemental |
| 16:29 | Town Hall |
| 16:30 | Sorceress |
| 17:07 | Peasant |
| 17:07 | Peasant |
| 17:35 | Sorceress |
| 17:35 | Rifleman |
| 17:52 | Imbued Gunpowder |
| Right click | 504 |
| Select group | 443 |
| Select | 253 |
| Misc. action | 108 |
| Build/train/purchase | 102 |
| Assign group | 37 |
| Use ability | 19 |
| Resource trade | 11 |
| Minimap ping | 5 |
| Esc | 2 |
| Item give/drop | 1 |
| Remove unit | 1 |
70 units @ 12.6k
/ 2.3k
34 buildings @ 5.4k
/ 2k



| Rod of Necromancy | 4 | 600 |
| Orb of Corruption | 1 | 375 |
| Potion of Healing | 1 | 150 |
| Scroll of Healing | 2 | 500 |
| Scroll of Town Portal | 2 | 700 |
| Potion of Lesser Invulnerability | 1 | 150 |
| total: | 11 | 2475g |
| Acolyte | 2 | 150 | / | 0 |
| Ghoul | 2 | 240 | / | 0 |
| Crypt Fiend | 12 | 2580 | / | 480 |
| Obsidian Statue | 9 | 1800 | / | 315 |
| Abomination | 3 | 720 | / | 210 |
| Banshee | 4 | 620 | / | 120 |
| total: | 32 | 6110g | / | 1125w |
| Crypt | 1 | 200 | / | 50 |
| Graveyard | 1 | 215 | / | 0 |
| Altar of Darkness | 1 | 180 | / | 50 |
| Ziggurat | 6 | 900 | / | 300 |
| Tomb of Relics | 1 | 130 | / | 30 |
| Slaughterhouse | 1 | 140 | / | 135 |
| Temple of the Damned | 1 | 155 | / | 140 |
| Halls of the Dead | 1 | 320 | / | 210 |
| Black Citadel | 1 | 325 | / | 230 |
| total: | 12 | 1920g | / | 705w |
| 0:03 | Acolyte |
| 0:06 | Crypt |
| 0:11 | Graveyard |
| 0:18 | Acolyte |
| 0:42 | Altar of Darkness |
| 0:57 | Ziggurat |
| 1:10 | Ghoul |
| 1:23 | Tomb of Relics |
| 1:48 | Crypt Fiend |
| 2:00 | Ziggurat |
| 2:22 | Crypt Fiend |
| 2:45 | Rod of Necromancy |
| 2:48 | Death Coil |
| 3:28 | Halls of the Dead |
| 3:51 | Crypt Fiend |
| 3:56 | Ziggurat |
| 4:05 | Unholy Aura |
| 4:10 | Ghoul |
| 4:29 | Crypt Fiend |
| 4:35 | Rod of Necromancy |
| 5:45 | Crypt Fiend |
| 6:05 | Slaughterhouse |
| 6:35 | Crypt Fiend |
| 6:55 | Frost Nova |
| 6:56 | Rod of Necromancy |
| 7:00 | Death Coil |
| 7:11 | Black Citadel |
| 7:15 | Obsidian Statue |
| 7:44 | Ziggurat |
| 7:55 | Potion of Lesser Invulnerability |
| 8:01 | Frost Armor |
| 8:13 | Creature Attack |
| 8:14 | Burrow |
| 9:08 | Frost Nova |
| 9:11 | Obsidian Statue |
| 9:11 | Crypt Fiend |
| 9:31 | Orb of Corruption |
| 9:40 | Scroll of Healing |
| 10:01 | Destroyer Form |
| 10:13 | Howl of Terror |
| 11:02 | Ziggurat |
| 11:03 | Ziggurat |
| 12:16 | Death Pact |
| 12:33 | Crypt Fiend |
| 12:33 | Abomination |
| 13:21 | Obsidian Statue |
| 13:30 | Rod of Necromancy |
| 13:31 | Scroll of Town Portal |
| 13:37 | Temple of the Damned |
| 13:41 | Crypt Fiend |
| 13:44 | Potion of Healing |
| 13:51 | Obsidian Statue |
| 14:34 | Disease Cloud |
| 14:54 | Web |
| 15:16 | Obsidian Statue |
| 15:16 | Crypt Fiend |
| 15:17 | Abomination |
| 15:48 | Crypt Fiend |
| 15:48 | Abomination |
| 15:49 | Banshee |
| 15:49 | Banshee |
| 15:57 | Frost Armor |
| 16:28 | Scroll of Town Portal |
| 16:29 | Scroll of Healing |
| 16:32 | Obsidian Statue |
| 16:40 | Obsidian Statue |
| 16:41 | Crypt Fiend |
| 16:56 | Banshee |
| 16:59 | Obsidian Statue |
| 17:23 | Banshee |
| 17:39 | Cleaving Attack |
| 17:56 | Obsidian Statue |
| 18:47 | Death Coil |
| Select group | 2008 |
| Right click | 1324 |
| Select | 485 |
| Misc. action | 186 |
| Build/train/purchase | 127 |
| Chat | 123 |
| Assign group | 75 |
| Use ability | 56 |
| Remove unit | 3 |
| Minimap ping | 2 |
| Item give/drop | 1 |



| Rod of Necromancy | 5 | 750 |
| Sacrificial Skull | 2 | 100 |
| Potion of Healing | 3 | 450 |
| Orb of Corruption | 1 | 375 |
| Potion of Mana | 1 | 200 |
| Ritual Dagger | 1 | 125 |
| Scroll of Town Portal | 2 | 700 |
| Scroll of Healing | 1 | 250 |
| total: | 16 | 2950g |
| Acolyte | 17 | 1275 | / | 0 |
| Ghoul | 3 | 360 | / | 0 |
| Crypt Fiend | 12 | 2580 | / | 480 |
| Frost Wyrm | 5 | 1925 | / | 600 |
| Goblin Shredder | 1 | 375 | / | 100 |
| total: | 38 | 6515g | / | 1180w |
| Spirit Tower | 3 | 435 | / | 120 |
| Nerubian Tower | 1 | 100 | / | 20 |
| Crypt | 1 | 200 | / | 50 |
| Graveyard | 1 | 215 | / | 0 |
| Altar of Darkness | 1 | 180 | / | 50 |
| Ziggurat | 11 | 1650 | / | 550 |
| Tomb of Relics | 3 | 390 | / | 90 |
| Necropolis | 2 | 450 | / | 0 |
| Sacrificial Pit | 1 | 75 | / | 150 |
| Boneyard | 2 | 350 | / | 400 |
| Halls of the Dead | 1 | 320 | / | 210 |
| Black Citadel | 1 | 325 | / | 230 |
| total: | 22 | 3510g | / | 1290w |
| 0:03 | Acolyte |
| 0:05 | Crypt |
| 0:11 | Graveyard |
| 0:23 | Acolyte |
| 0:46 | Altar of Darkness |
| 0:58 | Ziggurat |
| 1:10 | Ghoul |
| 1:26 | Tomb of Relics |
| 1:50 | Crypt Fiend |
| 2:02 | Ziggurat |
| 2:23 | Crypt Fiend |
| 2:47 | Rod of Necromancy |
| 2:48 | Sacrificial Skull |
| 2:55 | Ghoul |
| 2:58 | Death Coil |
| 3:09 | Acolyte |
| 3:18 | Ghoul |
| 3:48 | Ziggurat |
| 3:49 | Ziggurat |
| 4:07 | Unholy Aura |
| 4:13 | Necropolis |
| 4:26 | Ziggurat |
| 4:46 | Crypt Fiend |
| 5:11 | Spirit Tower |
| 5:33 | Halls of the Dead |
| 5:43 | Nerubian Tower |
| 5:59 | Acolyte |
| 5:59 | Acolyte |
| 6:09 | Death Coil |
| 6:14 | Acolyte |
| 6:20 | Crypt Fiend |
| 6:32 | Tomb of Relics |
| 6:35 | Acolyte |
| 6:45 | Rod of Necromancy |
| 6:56 | Ziggurat |
| 6:58 | Acolyte |
| 7:17 | Crypt Fiend |
| 7:46 | Crypt Fiend |
| 7:53 | Necropolis |
| 8:07 | Crypt Fiend |
| 8:30 | Creature Attack |
| 8:41 | Unholy Aura |
| 8:49 | Sacrificial Pit |
| 8:50 | Black Citadel |
| 9:03 | Goblin Shredder |
| 9:19 | Rod of Necromancy |
| 9:20 | Potion of Healing |
| 9:23 | Sacrificial Skull |
| 9:30 | Frost Nova |
| 9:32 | Burrow |
| 9:58 | Spirit Tower |
| 10:01 | Acolyte |
| 10:01 | Acolyte |
| 10:02 | Acolyte |
| 10:02 | Acolyte |
| 10:03 | Ziggurat |
| 11:03 | Crypt Fiend |
| 11:05 | Crypt Fiend |
| 11:10 | Web |
| 11:32 | Dark Ritual |
| 11:35 | Crypt Fiend |
| 11:47 | Crypt Fiend |
| 11:51 | Boneyard |
| 12:36 | Boneyard |
| 13:02 | Impale |
| 13:15 | Crypt Fiend |
| 13:17 | Death Coil |
| 13:41 | Scroll of Town Portal |
| 13:41 | Potion of Healing |
| 13:42 | Orb of Corruption |
| 13:48 | Scroll of Healing |
| 13:49 | Potion of Mana |
| 13:53 | Rod of Necromancy |
| 13:53 | Frost Wyrm |
| 14:02 | Frost Wyrm |
| 14:16 | Spirit Tower |
| 14:23 | Ziggurat |
| 14:24 | Tomb of Relics |
| 14:45 | Improved Creature Attack |
| 14:45 | Creature Carapace |
| 15:32 | Frost Wyrm |
| 15:38 | Frost Nova |
| 15:46 | Spiked Carapace |
| 15:58 | Scroll of Town Portal |
| 15:59 | Potion of Healing |
| 16:00 | Ritual Dagger |
| 16:01 | Rod of Necromancy |
| 16:32 | Frost Wyrm |
| 17:06 | Frost Wyrm |
| 17:09 | Improved Creature Carapace |
| 17:37 | Ziggurat |
| 17:48 | Acolyte |
| 17:58 | Ziggurat |
| 18:06 | Ziggurat |
| 18:55 | Acolyte |
| 18:56 | Acolyte |
| 18:56 | Acolyte |
| 18:56 | Acolyte |
| Select group | 1159 |
| Right click | 709 |
| Select | 333 |
| Misc. action | 172 |
| Build/train/purchase | 102 |
| Chat | 77 |
| Assign group | 71 |
| Use ability | 59 |
| Resource trade | 24 |
| Minimap ping | 6 |
| Item give/drop | 4 |
| Remove unit | 1 |
| Esc | 1 |
⇛